 Dungeon Crawl Stone Soup version 0.30-b1-2-g02819fbbbe (webtiles) character file.

Game seed: 9102237390820359061

86394 xXberryXx the Warrior (level 15, -1/152 HPs)
             Began as a Minotaur Berserker on Dec 17, 2023.
             Was the Champion of Trog.
             Slain by a thrashing horror (3 damage)
             ... on level 2 of the Abyss.
             The game lasted 02:32:17 (21375 turns).

xXberryXx the Warrior (Minotaur Berserker)         Turns: 21375, Time: 02:32:17

Health: -1/152     AC: 29    Str: 30    XL:     15   Next: 40%
Magic:  14/14      EV: 16    Int:  4    God:    Trog [******]
Gold:   2327       SH:  0    Dex:  9    Spells: 14/14 levels left

rFire   + . .        b - +7 battleaxe "Veshofes" {drain, rElec SInv}
rCold   + . .        (shield currently unavailable)
rNeg    + . .        R - +8 chain mail of the Spheres {rC+ rN+}
rPois   .            U - +1 hat
rElec   +            W - +0 cloak
rCorr   +            t - +0 pair of gloves of the Centipede {Will++}
SInv    +            f - +0 pair of boots
Will    +++..        w - amulet of faith Stlth
                     O - +5 ring of evasion
HPRegen 0.00/turn    n - ring of resist corrosion
MPRegen 0.14/turn

%: clarity, faith
@: about to teleport, sick, invisible
A: horns 2, retaliatory headbutt, clarity, fire resistance 1
a: Renounce Religion, Berserk, Trog's Hand, Brothers in Arms


You were on level 2 of the Abyss.
You worshipped Trog.
Trog was exalted by your worship.
You visited 3 branches of the dungeon, and saw 20 of its levels.
You visited the Abyss 1 time.
You also visited: Bailey.

You collected 2372 gold pieces.
You spent 45 gold pieces at shops.

Inventory:

Hand Weapons
 b - the +7 battleaxe "Veshofes" (weapon) {drain, rElec SInv}
   (You acquired it on level 3 of the Dungeon)

   rElec:     It insulates you from electricity.
   SInv:      It lets you see invisible.
 v - a +6 war axe of flaming
 Y - a +3 heavy executioner's axe
Missiles
 a - 7 javelins
 i - 2 atropa-tipped darts
 z - 2 throwing nets
 E - 17 poisoned darts
 P - 24 boomerangs
Armour
 f - a +0 pair of boots (worn)
 t - the +0 pair of gloves of the Centipede (worn) {Will++}
   (You found it on level 11 of the Dungeon)

   Will:      It greatly increases your willpower.
 R - the +8 chain mail of the Spheres (worn) {rC+ rN+}
   (You found it in a bailey)

   rC:        It protects you from cold.
   rN:        It protects you from negative energy.
 U - a +1 hat (worn)
 W - a +0 cloak (worn)
Jewellery
 g - a +4 ring of protection
 n - a ring of resist corrosion (right hand)
 s - a ring of protection from cold
 w - an amulet of faith (around neck)
 O - a +5 ring of evasion (left hand)
Wands
 h - a wand of polymorph (8)
 l - a wand of flame (6)
 u - a wand of roots (31)
 x - a wand of charming (14)
 G - a wand of digging (10)
 I - a wand of mindburst (18)
Scrolls
 d - 6 scrolls of fog
 k - 4 scrolls of immolation
 m - 6 scrolls of teleportation
 r - 3 scrolls of magic mapping
 y - 5 scrolls of poison
 A - 4 scrolls of vulnerability
 M - 12 scrolls of identify
 N - 3 scrolls of summoning
 T - a scroll of fear
 V - a scroll of torment
Potions
 c - 5 potions of haste
 e - 5 potions of berserk rage
 j - 5 potions of curing
 p - 8 potions of flight
 q - 3 potions of attraction
 B - 3 potions of resistance
 D - a potion of cancellation
 J - 2 potions of might
 K - 4 potions of ambrosia
Miscellaneous
 F - a tin of tremorstones (2/2)
 L - a box of beasts
 Q - a lightning rod (4/4)
 S - a phial of floods
 X - a phantom mirror


   Skills:
 + Level 19.2 Fighting
 + Level 17.5 Axes
 + Level 19.1 Armour
 - Level 5.0 Dodging
 - Level 5.0 Evocations


You had 14 spell levels left.
You didn't know any spells.
Your spell library was empty.

Dungeon Overview and Level Annotations

Branches:
Dungeon (13/15)            Temple (0/1) D:6            Lair (5/5) D:10
  Swamp (0/4) Lair:2        Snake (0/4) Lair:3        Slime (0/5) Lair:5
    Orc (2/2) D:11            Elf (0/3) Orc:2        Vaults (0/5) D:13
 Bailey (visited)

Altars:
Cheibriados
Dithmenos
Hepliaklqana
Trog
Uskayaw
Vehumet
Jiyva

Shops:
D:5 !   D:6 [

Annotations:
Orc:2 Sonja


Innate Abilities, Weirdness & Mutations

You have a pair of horns on your head.
You reflexively headbutt those who attack you in melee.
You possess an exceptional clarity of mind.
Your flesh is heat resistant. (rF+)


Message History

The worldbinder barely misses you.
The worldbinder hits you but does no damage.
The starcursed mass attacks as you move away!
The starcursed mass barely misses you.
The hellion hits your iron troll but does no damage.
Your iron troll bites the tentacled starspawn!!
Your iron troll claws the tentacled starspawn.
Your iron troll claws the tentacled starspawn but does no damage.
Okay, then.
Blink to where?
Press: ? - help, Dir - move target
As you read the scroll of blinking, it crumbles to dust.
The hellion hits your iron troll but does no damage.
Your iron troll bites the hellion!
Your iron troll claws the hellion.
Your iron troll claws the hellion!!
As you read the scroll of fog, it crumbles to dust.
The scroll dissolves into smoke.
You start resting.
You hear a shout! x2
A worldbinder is nearby!
You can't see any enemies this would affect, really read the scroll of fear?
Okay, then.
As you read the scroll of teleportation, it crumbles to dust.
You feel strangely unstable.
You feel the power of the Abyss delaying your translocation!
The worldbinder calls forth creatures from the Spider Nest!
Blink to where?
Press: ? - help, Dir - move target A thrashing horror comes into view.
As you read the scroll of blinking, it crumbles to dust.
The thrashing horror roars!
You fade into invisibility!
The thrashing horror closely misses you.
You furiously retaliate!
You headbutt the thrashing horror.
The thrashing horror closely misses you.
The thrashing horror barely misses you. You furiously retaliate!
You headbutt the thrashing horror!
The thrashing horror tramples you but does no damage.
The thrashing horror tramples you.
You die...

.. .........
.##.#.....##
##..........#.
##.......#.....
..........#..#.
#............
#........... #
#...@X#..... ##.
#...........
##.#
#.s..#......
..###.###...##.#
#.#.x# #### #
#ss#. ##. #
#§.s## #§§§§§# #
#


You could see 2 wolf spiders, a thrashing horror (unable to see you) and a
worldbinder (unable to see you).

Vanquished Creatures
  Saint Roka (Orc:2)
  Jorgrun (Orc:2)
  Rupert (D:13)
  A tentacled starspawn (Abyss:2)
  3 starcursed masses (Abyss:2)
  Snorg (Orc:2)
  3 hydras (Lair:5)
  A boulder beetle (D:12)
  2 dancing weapons (D:13)
  2 ogre magi
  3 tengu warriors (D:13)
  10 two-headed ogres
  4 centaur warriors (D:13)
  Urug (D:10)
  5 death yaks (Lair:4)
  2 orc high priests (Orc:1)
  4 skysharks
  A shadow wraith (Abyss:2)
  4 large abominations (Abyss:2)
  An orc knight (Orc:1)
  An ugly thing (D:8)
  An orc sorcerer (Orc:2)
  2 cyclopes
  3 manticores
  A worldbinder (Abyss:2)
  Joseph (D:7)
  10 elephants
  A salamander (Lair:3)
  4 black mambas
  A demonic crawler (Lair:2)
  3 smoke demons (Abyss:2)
  23 cane toads
  4 rime drakes
  3 unseen horrors
  2 kobold demonologists (D:11)
  A tengu conjurer (D:13)
  9 komodo dragons
  An ancient zyme (Abyss:2)
  3 meliai (D:12)
  7 trolls
  5 polar bears
  A queen bee (D:12)
  A hellwing (Abyss:2)
  4 dream sheep (Lair:5)
  14 blink frogs
  A tyrant leech (Lair:5)
  16 slime creatures
  7 wyverns
  2 shadows
  3 wraiths
  34 yaks
  14 vampire mosquitoes
  A neqoxec (Abyss:2)
  A basilisk (D:13)
  2 steam dragons (D:6)
  8 wargs
  2 acid dragons
  9 water moccasins
  Duvessa (D:7)
  7 swamp worms (Lair:2)
  2 ice beasts (D:6)
  24 orc warriors
  A sky beast (D:7)
  7 black bears
  11 wolves
  9 ogres
  7 centaurs
  A phantom (D:6)
  3 kobold brigands
  11 bullfrogs
  3 scorpions
  A naga simulacrum (Abyss:2)
  A hornet simulacrum (D:8)
  Dowan (D:7)
  15 killer bees
  6 electric eels
  3 howler monkeys
  2 lava snakes (Lair:3)
  23 orc priests
  2 hounds (D:5)
  3 jellies
  A gnoll bouda (D:6)
  2 iguanas
  29 orc wizards
  6 gnolls
  3 adders
  A shadow imp (D:7)
  5 white imps
  An ufetubus (D:8)
  4 worms
  82 orcs
  3 ball pythons
  9 endoplasms
  5 giant cockroaches
  11 goblins
  11 hobgoblins
  4 jackals (D:2)
  15 kobolds
  5 quokkas
  3 bats
  4 frilled lizards
  9 rats
  A plant (Lair:2)
  2 starspawn tentacles (Abyss:2)
617 creatures vanquished.

Vanquished Creatures (collateral kills)
  An orc warlord (Orc:1)
  A hydra (Lair:5)
  A skyshark (Lair:5)
  A black mamba (Lair:5)
  A troll (Orc:1)
  A blink frog (Lair:5)
  2 orc warriors (Orc:2)
  An ogre (Orc:2)
  2 orcs (Orc:2)
11 creatures vanquished.

Vanquished Creatures (others)
  An orc priest (Orc:2)
  29 fungi
  97 plants
  3 starspawn tentacles (Abyss:2)
130 creatures vanquished.

Grand Total: 758 creatures vanquished

Notes
Turn   | Place    | Note
-------+----------+-------------------------------------------
     0 | D:1      | xXberryXx the Minotaur Berserker began the quest for the
                  | Orb.
     0 | D:1      | Reached XP level 1. HP: 19/19 MP: 0/0
   172 | D:1      | Reached XP level 2. HP: 25/27 MP: 1/1
   409 | D:1      | Found a faded altar of an unknown god.
   824 | D:2      | Reached XP level 3. HP: 33/33 MP: 2/2
   835 | D:2      | Reached ** piety under Trog
   963 | D:2      | Reached skill level 5 in Axes
  1323 | D:2      | Identified the ring of Eneheun {rF+ Int+6 Stlth+}
  1650 | D:3      | Reached XP level 4. HP: 33/40 MP: 3/3
  2110 | D:3      | Identified a scroll of acquirement
  2110 | D:3      | Acquired the +7 battleaxe "Veshofes" {drain, rElec SInv}
  2146 | D:4      | Found a hide-covered altar of Uskayaw.
  2176 | D:4      | Noticed a scorpion
  2185 | D:4      | Killed a scorpion
  2186 | D:4      | Reached XP level 5. HP: 43/46 MP: 4/4
  2400 | D:4      | Reached *** piety under Trog
  2818 | D:5      | Entered Level 5 of the Dungeon
  2818 | D:5      | Found Wirch's Distillery.
  2836 | D:5      | Reached XP level 6. HP: 53/53 MP: 5/5
  3027 | D:5      | Reached skill level 5 in Fighting
  3152 | D:5      | Reached XP level 7. HP: 47/61 MP: 6/6
  3660 | D:5      | Reached skill level 5 in Armour
  3867 | D:6      | Found a staircase to the Ecumenical Temple.
  3869 | D:6      | Noticed a steam dragon
  3874 | D:6      | Killed a steam dragon
  3875 | D:6      | Reached XP level 8. HP: 67/71 MP: 7/7
  4109 | D:6      | Found a transporter.
  4217 | D:6      | Reached **** piety under Trog
  4282 | D:6      | Found a transporter.
  4612 | D:6      | Found Fereydun's Dragon-Slaying Spoils.
  4909 | D:7      | Noticed Joseph
  4917 | D:7      | Killed Joseph
  4918 | D:7      | Reached skill level 10 in Axes
  4918 | D:7      | Reached XP level 9. HP: 77/82 MP: 8/8
  5183 | D:7      | Noticed Duvessa
  5184 | D:7      | Noticed Dowan
  5191 | D:7      | Killed Duvessa
  5193 | D:7      | Killed Dowan
  5805 | D:8      | Noticed a purple ugly thing
  5814 | D:8      | Killed a purple ugly thing
  5842 | D:8      | Found a bloodstained altar of Trog.
  5901 | D:8      | Reached skill level 10 in Fighting
  6014 | D:8      | Reached XP level 10. HP: 48/93 MP: 9/9
  6301 | D:8      | Found a radiant altar of Vehumet.
  6321 | D:8      | Found a shadowy altar of Dithmenos.
  6321 | D:8      | Found a hazy altar of Hepliaklqana.
  6323 | D:8      | Found a snail-covered altar of Cheibriados.
  6359 | D:8      | Reached skill level 10 in Armour
  6448 | D:8      | Reached ***** piety under Trog
  6967 | D:5      | Bought a potion of curing for 45 gold pieces
  7268 | D:9      | Noticed a two-headed ogre
  7272 | D:9      | Killed a two-headed ogre
  7696 | D:9      | Received a gift from Trog
  7850 | D:9      | Found a flagged portal.
  7858 | Bailey   | Entered a bailey
  7948 | Bailey   | Reached XP level 11. HP: 72/104 MP: 10/10
  8186 | Bailey   | Identified the +8 chain mail of the Spheres {rC+ rN+}
  9039 | D:10     | Entered Level 10 of the Dungeon
  9279 | D:10     | Found a staircase to the Lair.
  9288 | D:10     | Noticed Urug
  9302 | D:10     | Killed Urug
  9717 | D:10     | Identified the +6 mace of the Weasel {spect, rC++ Will-
                  | Int+6}
 10473 | D:11     | Found a staircase to the Orcish Mines.
 10501 | D:11     | Reached ****** piety under Trog
 10501 | D:11     | Received a gift from Trog
 10785 | D:11     | Identified the +0 pair of gloves of the Centipede {Will++}
 10818 | D:11     | Noticed a two-headed ogre
 10823 | D:11     | Killed a two-headed ogre
 11381 | D:12     | Reached XP level 12. HP: 87/115 MP: 11/11
 11801 | D:12     | Noticed a boulder beetle
 11809 | D:12     | Killed a boulder beetle
 11813 | D:12     | Reached skill level 15 in Axes
 11833 | D:12     | You fall into a shaft and drop 1 floor!
 11925 | D:13     | Noticed a tengu warrior
 11945 | D:13     | Killed a tengu warrior
 11954 | D:13     | Noticed a centaur warrior
 11965 | D:13     | Killed a centaur warrior
 12155 | D:13     | Found a gate to the Vaults.
 12163 | D:13     | Noticed a two-headed ogre
 12165 | D:13     | Noticed a tengu warrior
 12166 | D:13     | Killed a two-headed ogre
 12167 | D:13     | Noticed a centaur warrior
 12170 | D:13     | Noticed a two-headed ogre
 12176 | D:13     | Killed a tengu warrior
 12177 | D:13     | Reached skill level 15 in Fighting
 12178 | D:13     | Killed a centaur warrior
 12179 | D:13     | Reached skill level 15 in Armour
 12182 | D:13     | Killed a two-headed ogre
 12204 | D:13     | Noticed an ogre mage
 12209 | D:13     | Noticed Rupert
 12211 | D:13     | Noticed a two-headed ogre
 12213 | D:13     | Killed an ogre mage
 12215 | D:13     | Noticed a centaur warrior
 12218 | D:13     | Noticed a centaur warrior
 12219 | D:13     | Identified the +5 ring mail of Neitits {rC+}
 12219 | D:13     | Noticed a tengu warrior
 12223 | D:13     | Killed Rupert
 12226 | D:13     | Killed a centaur warrior
 12227 | D:13     | Reached XP level 13. HP: 67/128 MP: 12/12
 12704 | D:12     | Received a gift from Trog
 13090 | Lair:1   | Entered Level 1 of the Lair of Beasts
 14962 | Lair:2   | Found a staircase to the Swamp.
 15704 | Lair:3   | Found a staircase to the Snake Pit.
 16457 | Lair:4   | Gained mutation: You possess an exceptional clarity of
                  | mind. [potion of mutation]
 16457 | Lair:4   | Gained mutation: Your flesh is heat resistant. (rF+)
                  | [potion of mutation]
 16780 | Lair:4   | Reached XP level 14. HP: 125/141 MP: 13/13
 17285 | Lair:5   | Entered Level 5 of the Lair of Beasts
 17329 | Lair:5   | Reached skill level 1 in Evocations
 17459 | Lair:5   | Received a gift from Trog
 18363 | Lair:5   | Reached skill level 5 in Dodging
 18948 | Lair:5   | Found a viscous altar of Jiyva.
 18948 | Lair:5   | Found a staircase to the Slime Pits.
 19425 | Orc:1    | Entered Level 1 of the Orcish Mines
 19435 | Orc:1    | Received a gift from Trog
 20061 | Orc:2    | Entered Level 2 of the Orcish Mines
 20061 | Orc:2    | Noticed Jorgrun
 20073 | Orc:2    | Killed Jorgrun
 20156 | Orc:2    | Noticed Saint Roka
 20176 | Orc:2    | Killed Saint Roka
 20177 | Orc:2    | Reached XP level 15. HP: 50/150 MP: 14/14
 20201 | Orc:1    | Reached skill level 5 in Evocations
 20750 | Orc:2    | Noticed Snorg
 20756 | Orc:2    | Killed Snorg
 20756 | Orc:2    | Received a gift from Trog
 20974 | Orc:2    | Found a staircase to the Elven Halls.
 20981 | Orc:2    | Noticed Sonja
 20984 | Abyss:2  | Cast into level 2 of the Abyss (Sonja)
 21043 | Abyss:2  | Found a corrupted altar of Lugonu.
 21278 | Abyss:2  | Noticed a tentacled starspawn
 21286 | Abyss:2  | Killed a tentacled starspawn
 21290 | Abyss:2  | Found a corrupted altar of Lugonu.
 21335 | Abyss:2  | Noticed a tentacled starspawn
 21348 | Abyss:2  | HP: 3/152 [tentacled starspawn (12)]
 21375 | Abyss:2  | Slain by a thrashing horror

Illustrated notes

Levels and vault maps discovered:
D:1:      dpeg_arrival_prison, layout_basic, hellmonk_ecumenical_altar_blasted
D:2:      layout_loops_ring, grunt_ministairs_1
D:3:      layout_rooms
D:4:      kennysheep_big_flooded_room, layout_loops_ring,
          eat_drink_and_be_merry_uskayaw
D:5:      layout_basic, serial_shops, nicolae_shop_tiny_glass
D:6:      gammafunk_steamed_eel, layout_basic, minmay_temple_entry_grid,
          minmay_misc_feat_ornament, nicolae_shop_dragon_depot,
          kennysheep_cluttered_room
D:7:      layout_basic, uniq_duvessa, uniq_joseph
D:8:      layout_basic, trog_three_pillars_becter, grunt_temple_overflow_open,
          serial_ice, serial_ice_j, serial_ice_d, serial_ice_n, serial_ice_c,
          glass_columns_c, minmay_diced_spiral
D:9:      layout_layer_cave, enter_bailey_4, statue_in_the_mist_lemuel
D:10:     layout_loops_ring, david_lair_generic, corexii_hall_statues_t,
          nicolae_elevator_lobby_plus, uniq_urug
D:11:     layout_basic, erik_orc_4
D:12:     layout_long_grid, special_room [special_room_bee]
D:13:     layout_rooms, erik_vaults_1, minivault_5, uniq_rupert
Lair:1:   layout_small_grid, grunt_megastairs_4
Lair:2:   layout_cave_pods, minmay_swamp_entry_worms, worms_lemuel
Lair:3:   layout_regular_city, nicolae_snake_entry_warm_welcome,
          kennysheep_catoblepas_arena, grunt_megastairs_5, lemuel_fruit_fields
Lair:4:   layout_gridlike
Lair:5:   minmay_lair_end_frog_pond, layout_regular_city,
          dpeg_slime_entry_enclosed
Orc:1:    layout_caves, uniq_josephine
Orc:2:    st_orc_ogre_mass, layout_caves, uniq_snorg, uniq_sonja, uniq_jorgrun,
          uniq_saint_roka
Abyss:2:  base: Orc:1, evilmike_abyss_exit_9, grunt_abyss_exit_deep_breaths

Skill      XL: |  1  2  3  4  5  6  7  8  9 10 11 12 13 14 15 |
---------------+----------------------------------------------+-----
Axes           | 4 5 7 8 10 11 13 14 15 16 17 | 17.5
Fighting       | 4 5 6 8 10 11 13 15 17 18 19 | 19.2
Armour         | 3 4 6 8 9 11 13 15 17 18 19 | 19.1
Evocations     | 4 5 |  5.0
Dodging        | 5 |  5.0

Action                     |  1- 3 |  4- 6 |  7- 9 | 10-12 | 13-15 || total
---------------------------+-------+-------+-------+-------+-------++-------
  Melee: Hand axe          |   110 |    33 |       |       |       ||   143
         Headbutt          |    12 |     6 |    12 |    70 |   105 ||   205
         Punch             |     1 |       |       |       |       ||     1
         Battleaxe         |       |    46 |   127 |   356 |   450 ||   979
         Executioner's axe |       |       |       |       |    75 ||    75
  Throw: Boomerang         |       |       |       |    15 |     1 ||    16
 Invoke: Berserk           |     1 |       |     1 |     4 |     2 ||     8
         Brothers in Arms  |       |       |       |       |     4 ||     4
  Evoke: Wand              |       |       |     1 |       |    20 ||    21
    Use: Scroll            |     7 |    10 |     8 |     4 |     8 ||    37
         Potion            |       |       |     1 |     3 |     6 ||    10
 Armour: Plate armour      |    54 |    44 |    68 |    74 |       ||   240
         Animal skin       |     2 |       |       |       |       ||     2
         Chain mail        |       |       |       |   146 |   425 ||   571
  Dodge: Dodged            |    38 |    25 |    39 |   271 |   607 ||   980
